 Dungeon Crawl Stone Soup version 0.31.0-12-g77e489cdc1 (webtiles) character file.

Game seed: 5803159478131303112

807 Curundu the Chopper (level 7, -14/61 HPs)
             Began as a Minotaur Berserker on Feb 27, 2024.
             Was a Believer of Trog.
             Demolished by an iguana (29 damage)
             ... on level 5 of the Dungeon.
             The game lasted 00:08:08 (3930 turns).

Curundu the Chopper (Minotaur Berserker)            Turns: 3930, Time: 00:08:09

Health: -14/61     AC: 10    Str: 24    XL:     7   Next: 60%
Magic:  6/6        EV:  2    Int:  4    God:    Trog [**....]
Gold:   145        SH:  0    Dex:  9    Spells: 6/6 levels left

rFire   . . .        a - +0 hand axe
rCold   . . .        (no shield)
rNeg    . . .        o - +0 chain mail
rPois   .            (helmet restricted)
rElec   .            (no cloak)
rCorr   .            (no gloves)
SInv    .            (no boots)
Will    ++...        (no amulet) Stlth
                     (no ring)
HPRegen 1.30/turn    (no ring)
MPRegen 0.10/turn

%: no passive effects
@: lethally poisoned (-14 -> -14), sleeping, strong-willed, regenerating
A: horns 2, retaliatory headbutt
a: Renounce Religion, Berserk, Trog's Hand


You were on level 5 of the Dungeon.
You worshipped Trog.
Trog was pleased with you.
You visited 1 branch of the dungeon, and saw 5 of its levels.

You collected 145 gold pieces.

Inventory:

Hand Weapons
 a - a +0 hand axe (weapon)
Missiles
 m - 4 javelins (quivered)
Armour
 o - a +0 chain mail (worn)
Wands
 r - a wand of flame (23)
Scrolls
 b - a scroll of fear {unknown}
 f - 3 scrolls of identify {unknown}
 g - 2 scrolls of teleportation {unknown}
 h - 2 scrolls of butterflies {unknown}
 k - a scroll of noise {unknown}
 l - 5 scrolls of enchant weapon {unknown}
 n - a scroll of silence {unknown}
 q - a scroll of amnesia {unknown}
Potions
 c - a potion of enlightenment {unknown}
 d - a potion of lignification {unknown}
 e - 3 potions of curing {unknown}
 i - 2 potions of degeneration {unknown}
 j - a potion of heal wounds {unknown}
 p - a potion of invisibility {unknown}
 s - a potion of berserk rage {unknown}


   Skills:
 + Level 5.6 Fighting
 + Level 7.6 Axes
 + Level 5.6 Armour
 + Level 3.4 Dodging
 + Level 1.3 Stealth


You had 6 spell levels left.
You didn't know any spells.
Your spell library was empty.

Dungeon Overview and Level Annotations

Branches:
Dungeon (5/15)             Temple (0/1) D:4

Altars:
Hepliaklqana


Innate Abilities, Weirdness & Mutations

You have a pair of horns on your head.
You reflexively headbutt those who attack you in melee.


Message History

The scorpion stings you.
You are poisoned.
The scorpion poisons you!
You hit the scorpion but do no damage.
The scorpion is moderately wounded.
You hit the sleepcap but do no damage. You hit the iguana but do no damage.
You feel very sick. The scorpion misses you. The sleepcap misses you.
The iguana bites you!
You hit the scorpion.
The scorpion is moderately wounded.
You closely miss the iguana. You completely miss the sleepcap.
You feel very sick. The scorpion barely misses you. You furiously retaliate!
You headbutt the scorpion. The sleepcap releases spores at you.
The iguana bites you!
You slash the scorpion!
You kill the scorpion!
Trog accepts your kill.
You hit the sleepcap. You completely miss the iguana.
You feel sick.
The sleepcap releases spores at you but does no damage.
The iguana bites you!
You hit the sleepcap.
You punch the sleepcap, but do no damage.
The sleepcap is moderately damaged.
You hit the iguana.
You feel sick. The sleepcap closely misses you.
The iguana bites you but does no damage.
You hit the sleepcap but do no damage.
The sleepcap is moderately damaged.
You hit the iguana.
You feel sick.
The iguana bites you but does no damage.
The sleepcap releases spores at you but does no damage.
You slash the sleepcap!
The sleepcap is heavily damaged.
You closely miss the iguana.
You feel sick. The sleepcap releases spores at you.
* * * LOW HITPOINT WARNING * * *
You are engulfed in a cloud of soporific spores!
You fall asleep.
The iguana bites you!!
You die...

.............#
.............
............#
.......>....###
...............
...............
...............
....!..@l....#
......†f.....#
.............#
.............#
.............#
.............#
#####.......##
#.......#


You could see a sleepcap and an iguana.

Vanquished Creatures
  Edmund (D:4)
  2 black bears (D:4)
  An ogre (D:4)
  A phantom (D:4)
  Blork the orc (D:4)
  A scorpion (D:5)
  An orc priest (D:4)
  An iguana (D:4)
  An orc wizard (D:4)
  7 adders
  4 dart slugs
  2 ribbon worms (D:2)
  7 orcs
  7 ball pythons
  3 bats
  7 endoplasms
  4 giant cockroaches
  6 goblins
  5 hobgoblins
  5 quokkas
  3 frilled lizards
  3 kobolds
  3 rats
76 creatures vanquished.

Notes
Turn   | Place    | Note
-------+----------+-------------------------------------------
     0 | D:1      | Curundu the Minotaur Berserker began the quest for the Orb.
     0 | D:1      | Reached XP level 1. HP: 19/19 MP: 0/0
    95 | D:1      | Reached XP level 2. HP: 27/27 MP: 1/1
   203 | D:1      | Reached skill level 4 in Axes
  1291 | D:2      | Reached XP level 3. HP: 33/33 MP: 2/2
  1650 | D:2      | Reached XP level 4. HP: 39/41 MP: 3/3
  1897 | D:2      | Found a faded altar of an unknown god.
  2001 | D:3      | Reached ** piety under Trog
  2035 | D:3      | Reached skill level 5 in Axes
  2819 | D:4      | Noticed a black bear
  2833 | D:4      | Killed a black bear
  2834 | D:4      | Reached XP level 5. HP: 28/47 MP: 4/4
  2973 | D:4      | Noticed Blork the orc
  2987 | D:4      | Killed Blork the orc
  2988 | D:4      | Reached skill level 6 in Axes
  2988 | D:4      | Reached skill level 1 in Stealth
  2988 | D:4      | Reached XP level 6. HP: 40/55 MP: 5/5
  3057 | D:4      | Noticed Edmund
  3073 | D:4      | Killed Edmund
  3074 | D:4      | Reached skill level 5 in Fighting
  3219 | D:4      | Found a staircase to the Ecumenical Temple.
  3261 | D:4      | Reached skill level 7 in Axes
  3261 | D:4      | Reached skill level 5 in Armour
  3261 | D:4      | Reached XP level 7. HP: 59/61 MP: 6/6
  3728 | D:4      | Found a hazy altar of Hepliaklqana.
  3919 | D:5      | Entered Level 5 of the Dungeon
  3930 | D:5      | Demolished by an iguana

Illustrated notes

Levels and vault maps discovered:
D:1:      psy_arrival_fountain, layout_basic
D:2:      layout_basic, shapermc_ecumenical_altar_mp_vishouse
D:3:      layout_basic
D:4:      layout_cave_pods, marbit_many_paths, temple_doors_cd, uniq_edmund,
          uniq_blork_the_orc
D:5:      layout_basic, cheibrodos_ashenzari_chains, general_overflow_altar,
          nicolae_dithmenos_shadow_blocks, serial_library,
          serial_library_regret_index_multi, serial_library_hellmonk_open_cross,
          serial_library_regret_index_headful,
          serial_library_hellmonk_long_bookcase,
          serial_library_hellmonk_hallway_b,
          serial_library_hellmonk_secret_room,
          serial_library_hellmonk_layered_room,
          serial_library_hellmonk_small_alcove, roderic_batcave,
          nicolae_fountain_basement, uniq_prince_ribbit1, uniq_ijyb, uniq_pikel

Skill      XL: |  1  2  3  4  5  6 |
---------------+-------------------+-----
Fighting       | 4 5 |  5.6
Axes           | 4 5 6 7 |  7.6
Armour         | 3 5 |  5.6
Dodging        | 3 |  3.4
Stealth        | 1 |  1.3

Action                     |  1- 3 |  4- 6 |  7- 9 || total
---------------------------+-------+-------+-------++-------
  Melee: Hand axe          |    64 |   115 |    31 ||   210
         Headbutt          |     8 |    20 |     4 ||    32
         Punch             |     2 |       |     1 ||     3
 Invoke: Trog's Hand       |       |     1 |     2 ||     3
         Berserk           |       |     1 |     1 ||     2
 Armour: Animal skin       |    22 |       |       ||    22
         Scale mail        |    11 |     6 |       ||    17
         Chain mail        |       |    94 |    42 ||   136
  Dodge: Dodged            |    42 |    53 |    17 ||   112
